 Dungeon Crawl Stone Soup version 0.28-a0-691-gad6df49e81 (webtiles) character file.

Game seed: 2639065923754681446

578 timneilson the Covered (level 7, -1/44 HPs)
             Began as a Gargoyle Fighter on Oct 22, 2021.
             Was an Initiate of Okawaru.
             Slain by an orc warrior (11 damage)
             ... on level 5 of the Dungeon.
             The game lasted 00:06:27 (3520 turns).

timneilson the Covered (Gargoyle Fighter)           Turns: 3520, Time: 00:06:27

Health: -1/44      AC: 17    Str: 22    XL:     7   Next: 36%
Magic:  7/7        EV:  8    Int:  8    God:    Okawaru [......]
Gold:   256        SH:  0    Dex:  9    Spells: 6/6 levels left

rFire   + . .      SeeInvis .   a - +0 long sword
rCold   + . .      Faith    .   c - +0 buckler
rNeg    + . .      Spirit   .   h - +0 chain mail
rPois   ∞          Reflect  .   l - +0 helmet
rElec   +          Harm     .   g - +0 cloak
rCorr   +          Rampage  .   (no gloves)
Will    .....                   (no boots)
Stlth   ..........              f - amulet of regeneration
HPRegen 1.14/turn               (no ring)
MPRegen 0.10/turn               (no ring)

@: confused, resistant, ambrosia-drunk
A: sickness immunity, AC +4, negative energy resistance 1, electricity
resistance, torment resistance 1, petrification resistance
a: Renounce Religion


You were on level 5 of the Dungeon.
You worshipped Okawaru.
Okawaru was noncommittal.
You visited 2 branches of the dungeon, and saw 6 of its levels.

You collected 256 gold pieces.

Inventory:

Hand Weapons
 a - a +0 long sword (weapon)
Armour
 c - a +0 buckler (worn)
 g - a +0 cloak (worn)
 h - a +0 chain mail (worn)
 l - a +0 helmet (worn)
Jewellery
 f - an amulet of regeneration (around neck)
Wands
 d - a wand of acid (6)
 j - a wand of flame (12)
 k - a wand of paralysis (3)
Scrolls
 e - a scroll of summoning
 n - a scroll of identify
Potions
 i - 3 potions of curing


   Skills:
 + Level 4.4 Fighting
 * Level 3.8 Long Blades
 * Level 5.2 Armour
 + Level 1.7 Dodging
 * Level 5.2 Shields
 + Level 0.0 Invocations
 + Level 1.3 Evocations


You had 6 spell levels left.
You didn't know any spells.
Your spell library was empty.

Dungeon Overview and Level Annotations

Branches:
Dungeon (5/15)             Temple (1/1) D:5

Altars:
Ashenzari
Cheibriados
Dithmenos
Fedhas
Gozag
Kikubaaqudgha
Makhleb
Okawaru
Qazlal
Sif Muna
Trog
Vehumet
Wu Jian
Xom
Yredelemnul
The Shining One


Innate Abilities, Weirdness & Mutations

You are immune to sickness and miasma.
Your stone body is resilient. (AC +4)
You are immune to poison.
You resist negative energy. (rN+)
You are resistant to electric shocks. (rElec)
You are resistant to unholy torment.
You are immune to petrification.


Message History

You barely miss the orc warrior.
A dart slug comes into view.
The orc wizard casts a spell.
The orc wizard flickers and vanishes!
Deactivating autopickup; reactivate with Ctrl-A.
You closely miss the orc warrior. The orc warrior barely misses you.
Your chain mail prevents you from hitting the orc warrior.
The orc warrior hits you with a +0 battleaxe!
You slash the orc warrior!
The orc warrior is moderately wounded.
The orc warrior hits you but does no damage.
The orc warrior hits you with a +0 battleaxe!
You hit the orc warrior but do no damage.
The orc warrior is moderately wounded.
The orc warrior hits you but does no damage.
Your chain mail prevents you from hitting the orc warrior.
The orc warrior is moderately wounded.
The orc warrior barely misses you.
You hit the orc warrior but do no damage.
The orc warrior is moderately wounded.
The orc warrior hits you but does no damage.
You hit the orc warrior but do no damage.
The orc warrior is moderately wounded.
The orc warrior hits you with a +0 battleaxe!
You hit the orc warrior.
The orc warrior is moderately wounded.
The orc warrior hits you with a +0 battleaxe!
* * * LOW HITPOINT WARNING * * *
The orc warrior barely misses you.
It was a potion of resistance.
You feel protected.
The orc warrior hits you with a +0 battleaxe.
* * * LOW HITPOINT WARNING * * *
You are confused.
You feel invigorated.
The orc warrior hits you with a +0 battleaxe.
* * * LOW HITPOINT WARNING * * *
You bump into the rock wall.
The orc warrior hits you with a +0 battleaxe!
You die...

# #.# #.####.# #
#.# #.# #.#.#
####.####.# #.#.#
..........# #.#w#
#####.########.#o#
#.##.###<..#o#
#.##...#.###{#
..#......# #o#
###...######@#
#......)...#
#.......#####.#
#.###...# #.# ..
.....# ### #
..##...# .. .....
. ...#.# ......#


You could see an orc warrior, a dart slug and 2 orcs.

Vanquished Creatures
  2 ogres
  A scorpion (D:5)
  A centaur zombie (D:5)
  A hound (D:4)
  An orc priest (D:5)
  Crazy Yiuf (D:2)
  Jessica (D:3)
  Ijyb (D:2)
  A hound skeleton (D:5)
  3 gnolls (D:3)
  4 adders
  2 worms
  2 dart slugs (D:1)
  5 orcs
  6 ball pythons
  7 endoplasms
  3 giant cockroaches
  19 goblins
  4 hobgoblins
  7 kobolds
  2 quokkas
  6 bats
  5 frilled lizards
  6 rats
91 creatures vanquished.

Notes
Turn   | Place    | Note
-------+----------+-------------------------------------------
     0 | D:1      | timneilson the Gargoyle Fighter began the quest for the
                  | Orb.
     0 | D:1      | Reached XP level 1. HP: 14/14 MP: 1/1
   241 | D:1      | Reached XP level 2. HP: 19/19 MP: 2/2
   707 | D:1      | Reached XP level 3. HP: 23/23 MP: 3/3
   972 | D:2      | Found a runed translucent door.
   973 | D:2      | Noticed Crazy Yiuf
   989 | D:2      | Noticed Ijyb
  1039 | D:2      | Paralysed by Ijyb for 3 turns
  1059 | D:2      | Killed Ijyb
  1060 | D:2      | Reached XP level 4. HP: 28/28 MP: 4/4
  1203 | D:2      | Found a faded altar of an unknown god.
  1619 | D:2      | Killed Crazy Yiuf
  1620 | D:2      | Reached XP level 5. HP: 33/33 MP: 5/5
  1735 | D:3      | Noticed Jessica
  1739 | D:3      | Killed Jessica
  1740 | D:3      | Reached skill level 1 in Dodging
  1844 | D:3      | Noticed an ogre
  1857 | D:3      | Killed an ogre
  1858 | D:3      | Reached XP level 6. HP: 32/38 MP: 6/6
  2332 | D:3      | Found a burning altar of Makhleb.
  2634 | D:4      | Found a shadowy altar of Dithmenos.
  2737 | D:4      | Reached skill level 1 in Evocations
  3080 | D:4      | Found a radiant altar of Vehumet.
  3238 | D:5      | Entered Level 5 of the Dungeon
  3271 | D:5      | Reached skill level 5 in Armour
  3271 | D:5      | Reached skill level 5 in Shields
  3271 | D:5      | Reached XP level 7. HP: 43/43 MP: 7/7
  3367 | D:5      | Found a staircase to the Ecumenical Temple.
  3390 | Temple   | Entered the Ecumenical Temple
  3399 | Temple   | Became a worshipper of Warmaster Okawaru
  3520 | D:5      | Slain by an orc warrior

Illustrated notes

Levels and vault maps discovered:
D:1:      saegor_arrival_simple_e, layout_basic
D:2:      kennysheep_the_goblin_king, layout_basic,
          shapermc_ecumenical_altar_pompeii, chequers_serial_rivers_micro_d,
          minmay_unequal, uniq_crazy_yiuf_cottage
D:3:      layout_basic, lemuel_crystal_altar, minmay_ogre_servants, uniq_jessica
D:4:      layout_loops_ring, mainiacjoe_overflow_catwalk, lemuel_round_altar,
          kennysheep_donut, hangedman_abyss_or_decor_slice
D:5:      layout_basic, nicolae_hepliaklqana_monster_ancestors, zin_statuary,
          minmay_temple_entry_proselytizer, serial_bayou_pond_b,
          grunt_ministairs_11
Temple:   cyrus_circular_temple

Skill      XL: |  1  2  3  4  5  6 |
---------------+-------------------+-----
Long Blades    | 2 3 |  3.8
Armour         | 4 5 |  5.2
Shields        | 4 5 |  5.2
Dodging        | 1 |  1.7
Fighting       | 4 |  4.4
Evocations     | 1 |  1.3

Action                   |  1- 3 |  4- 6 |  7- 9 || total
-------------------------+-------+-------+-------++-------
Melee: Long sword        |   137 |   199 |    36 ||   372
  Use: Scroll            |     2 |     7 |       ||     9
       Potion            |       |     1 |     2 ||     3
Armor: Scale mail        |    52 |       |       ||    52
       Chain mail        |    23 |   106 |    20 ||   149
Dodge: Dodged            |    54 |    74 |     9 ||   137
Block: Buckler           |    23 |    49 |     7 ||    79

Table legend: (Time is in decaauts)
 A = Elapsed time spent in this place.
 B = Non-inter-level travel time spent in this place.
 C = Inter-level travel time spent in this place.
 D = Time resting spent in this place.
 E = Time spent auto-exploring this place.
 F = Levels seen in this place.
 G = Mean time per level.
                   A        B        C        D        E       F      G
               +--------+--------+--------+--------+--------+-----+--------+
         Total |   3650 |   3553 |     97 |     49 |   2541 |   6 |  608.3 |
       Dungeon |   3591 |   3502 |     89 |     49 |   2503 |   5 |  718.2 |
        Temple |     59 |     51 |      8 |      0 |     38 |   1 |   59.0 |
               +--------+--------+--------+--------+--------+-----+--------+

Top non-repeatable levels by time:
     D:2: 920 daAuts
     D:4: 836 daAuts
     D:1: 818 daAuts
     D:3: 783 daAuts
     D:5: 232 daAuts
  Temple: 59 daAuts
